AoeStats
← TheButcher

Arena

506685145Analyzed
4v4 RM · 18d ago on Sep 14, 2026· 71m 50s· 8 players
Game mode
Random Map
Map size
Large (8 player)
Population
200
Speed
Normal
Resources
Standard
Victory
Conquest
Starting age
Dark Age
Ending age
Imperial Age
RankedLock teamsTeams togetherTeam positionsShared explorationLock speedFull tech treeHidden civsTurbo modeCheats
Victory
Defeat
🇸🇰 Persians · Slovakia
772
+13
🇹🇷 Celts · Türkiye
750
+14
🇨🇦 Spanish · Canada
740
+15
🇳🇱 Inca · Netherlands
671
+18
🇸🇮 Khmer · Slovenia
847
-20
🇰🇼 Turks · Kuwait
713
-15
🇧🇷 Ethiopians · Brazil
650
-13
🇧🇬 Huns · Bulgaria
640
-12
vajamian
14:33 Feudal Age
15:13 Horse Collar
15:22 Double-Bit Axe
16:16 Wheelbarrow
16:36 Loom
21:00 Castle Age
22:11 Heavy Plow
22:24 Bow Saw
22:20 Caravan
22:59 Hand Cart
25:08 Pikeman
25:49 Squires
26:00 Husbandry
27:51 Bloodlines
32:05 Fletching
32:16 Padded Archer Armor
32:27 Forging
37:30 Imperial Age
36:06 Scale Mail Armor
36:45 Iron Casting
37:23 Scale Barding Armor
37:34 Leather Archer Armor
37:14 Bodkin Arrow
37:35 Chain Mail Armor
39:36 Chemistry
39:34 Halberdier
41:17 Cavalier
43:46 Ring Archer Armor
43:58 Bracer
44:58 Blast Furnace
45:00 Plate Mail Armor
45:31 Chain Barding Armor
50:16 Two-Man Saw
51:03 Conscription
50:06 Elite Conquistador
54:12 Paladin
66:13 Fortified Wall
66:14 Masonry
68:15 Architecture
Dirty Harry
11:36 Feudal Age
12:54 Stone Mining
12:55 Gold Mining
18:45 Castle Age
17:29 Horse Collar
17:48 Double-Bit Axe
18:24 Scale Mail Armor
20:40 Fletching
21:18 Bodkin Arrow
28:11 Forging
29:54 Chain Mail Armor
35:51 Imperial Age
33:37 Stronghold
34:56 Fortified Wall
34:42 Murder Holes
35:36 Wheelbarrow
34:57 Town Watch
39:03 Chemistry
37:44 Treadmill Crane
38:42 Bow Saw
39:21 Masonry
41:54 Ballistics
42:17 Siege Engineers
41:40 Heavy Scorpion
44:33 Iron Casting
45:07 Pikeman
45:55 Padded Archer Armor
50:49 Heavy Plow
52:41 Hoardings
53:19 Hand Cart
53:44 Conscription
55:41 Guilds
60:04 Arson
60:26 Caravan
63:49 Halberdier
64:05 Elite Woad Raider
65:36 Plate Mail Armor
66:07 Blast Furnace
64:42 Elite Skirmisher
64:43 Crossbowman
66:34 Furor Celtica
68:27 Leather Archer Armor
68:18 Scale Barding Armor
71:32 Stone Shaft Mining
71:33 Gold Shaft Mining
RGuardian-
14:18 Feudal Age
14:34 Horse Collar
14:43 Double-Bit Axe
19:11 Loom
24:24 Castle Age
25:01 Heavy Plow
25:12 Bow Saw
30:24 Imperial Age
33:28 Two-Man Saw
33:01 Crop Rotation
36:01 Conscription
37:09 Scale Barding Armor
38:47 Chain Barding Armor
38:38 Forging
41:35 Gold Mining
41:38 Stone Mining
42:28 Iron Casting
42:29 Plate Barding Armor
42:43 Elite War Elephant
46:13 Blast Furnace
52:07 Gold Shaft Mining
51:53 Cavalier
52:35 Husbandry
54:56 Savar
66:38 Stone Shaft Mining
71:14 Capped Ram
Alfieri83
12:53 Feudal Age
15:16 Wheelbarrow
14:26 Loom
14:50 Double-Bit Axe
14:57 Town Watch
19:57 Castle Age
17:50 Horse Collar
21:42 Hand Cart
21:19 Champi Runner
25:57 Forging
30:10 Imperial Age
28:44 Scale Mail Armor
33:31 Bow Saw
33:21 Heavy Plow
34:41 Iron Casting
34:09 Murder Holes
36:24 Block Printing
36:10 Herbal Medicine
37:34 Conscription
41:22 Ballistics
42:04 Chemistry
40:44 Elite Skirmisher
60:14 Squires
59:35 Pikeman
59:38 Champi Warrior
61:26 Crossbowman
62:12 Thumb Ring
62:50 Caravan
65:29 Blast Furnace
64:46 Chain Mail Armor
64:22 Fletching
64:33 Padded Archer Armor
66:44 Plate Mail Armor
66:10 Bodkin Arrow
66:31 Leather Archer Armor
66:56 Bracer
67:13 Treadmill Crane
67:43 Masonry
67:29 Heated Shot
67:49 Fortified Wall
69:56 Siege Engineers
69:48 Guard Tower
69:45 Arrowslits
72:23 Ring Archer Armor
Mini440
0:47 Loom
11:23 Feudal Age
12:13 Double-Bit Axe
13:06 Wheelbarrow
12:18 Town Watch
12:35 Horse Collar
21:47 Castle Age
19:56 Gold Mining
20:01 Arson
20:15 Stone Mining
23:03 Town Patrol
23:26 Bow Saw
23:26 Caravan
24:10 Gold Shaft Mining
23:45 Heavy Plow
24:59 Hand Cart
30:13 Husbandry
30:44 Thumb Ring
31:56 Squires
32:09 Bloodlines
33:18 Forging
33:13 Scale Barding Armor
33:09 Scale Mail Armor
33:16 Padded Archer Armor
33:07 Fletching
33:30 Scale Barding Armor
38:54 Imperial Age
37:12 Ballistics
36:33 Treadmill Crane
37:05 Masonry
37:06 Fortified Wall
36:53 Murder Holes
37:54 Sipahi
39:04 Iron Casting
38:50 Chain Barding Armor
38:53 Chain Mail Armor
38:53 Chain Mail Armor
39:01 Leather Archer Armor
38:47 Bodkin Arrow
40:12 Conscription
40:28 Hoardings
40:51 Architecture
40:08 Arrowslits
40:51 Guilds
40:23 Sappers
42:18 Blast Furnace
42:18 Blast Furnace
42:29 Artillery
42:09 Elite Janissary
44:19 Two-Man Saw
43:54 Parthian Tactics
43:43 Heavy Cavalry Archer
45:42 Plate Barding Armor
45:38 Plate Mail Armor
45:16 Bracer
46:27 Ring Archer Armor
46:01 Heavy Scorpion
51:46 Heavy Scorpion
TheButcher
12:25 Feudal Age
21:18 Castle Age
20:58 Horse Collar
25:14 Double-Bit Axe
25:24 Gold Mining
28:03 Heavy Plow
29:09 Gold Shaft Mining
29:22 Bow Saw
31:19 Light Cavalry
32:10 Bloodlines
32:01 Husbandry
33:41 Forging
33:31 Scale Mail Armor
33:37 Scale Barding Armor
33:23 Fletching
33:33 Padded Archer Armor
37:08 Wheelbarrow
36:21 Loom
36:22 Town Watch
36:34 Stone Mining
51:29 Crossbowman
51:30 Elite Skirmisher
52:16 Thumb Ring
54:43 Imperial Age
52:56 Iron Casting
52:36 Chain Mail Armor
52:42 Chain Barding Armor
52:18 Bodkin Arrow
52:39 Leather Archer Armor
54:28 Hand Cart
55:12 Caravan
56:18 Heavy Cavalry Archer
57:23 Parthian Tactics
59:24 Blast Furnace
68:04 Cavalier
sestan.milanmilan
11:31 Feudal Age
12:11 Town Watch
13:04 Wheelbarrow
12:19 Double-Bit Axe
12:30 Loom
14:57 Town Watch
15:12 Gold Mining
20:36 Castle Age
19:33 Stone Mining
22:47 Hand Cart
22:47 Bow Saw
25:07 Gold Shaft Mining
25:09 Stone Shaft Mining
30:20 Imperial Age
30:30 Cavalier
43:23 Tusk Swords
MR PRINCE
2:15 Loom
11:52 Feudal Age
12:36 Double-Bit Axe
20:47 Castle Age
20:48 Stone Mining
20:49 Gold Mining
22:21 Wheelbarrow
23:50 Bow Saw
25:11 Horse Collar
31:34 Hand Cart
31:05 Town Watch
32:49 Heavy Plow
33:27 Gold Shaft Mining
37:35 Imperial Age
36:00 Caravan
38:26 Stone Shaft Mining
37:41 Arson
37:57 Squires
37:19 Man-at-Arms
38:46 Fortified Wall
38:46 Masonry
39:43 Chemistry
38:40 Capped Ram
40:38 Two-Man Saw
39:40 Siege Ram
41:12 Architecture
41:21 Long Swordsman
45:37 Elite Shotel Warrior
46:38 Conscription
45:44 Two-Handed Swordsman
52:23 Heavy Camel Rider
57:09 Royal Heirs
70:02 Forging
69:52 Scale Mail Armor
69:44 Fletching
69:55 Padded Archer Armor
70:00 Scale Barding Armor
69:46 Light Cavalry
70:30 Husbandry
Connection lost

Rejoining the realm…

Still unreachable

The connection could not be restored.

Session expired

The server has moved on; the page needs a fresh start.